 Dungeon Crawl Stone Soup version 0.31-a0-986-g5e6e4ef867 (webtiles) character file.

Game seed: 755735593288889952

541204 wildpjah the Axe Maniac (level 24, -25/184 (224) HPs)
             Began as a Minotaur Fighter on Nov 6, 2023.
             Was the Champion of Okawaru.
             Killed from afar by Vaufis the pandemonium lord (30 damage)
             ... with a bolt of negative energy
             ... on level 5 of the Realm of Zot on Nov 11, 2023.
             The game lasted 04:37:30 (62938 turns).

wildpjah the Axe Maniac (Minotaur Fighter)         Turns: 62938, Time: 04:37:31

HP:   -25/184 (224) AC: 46    Str: 39      XL:     24   Next: 74%
MP:   24/26         EV: 15    Int: 13      God:    Okawaru [******]
Gold: 4408          SH:  0    Dex: 15 (16) Spells: 28/32 levels left

rFire   + + +        U - +8 executioner's axe "Liexies" {freeze, rElec rN+}
rCold   + + .        (shield currently unavailable)
rNeg    + . .        T - +8 gold dragon scales of Incorporation {-Tele rPois rF+ rC+ Int+4}
rPois   +            (helmet restricted)
rElec   +            l - +2 cloak {rPois}
rCorr   +            L - +2 pair of gloves {Dex+3}
SInv    +            m - +1 pair of boots of the Monkey {rF+ Will+}
Will    ++...        q - amulet of reflection Stlth
                     Y - ring of Xom's Full Attention {Str+3 SInv}
HPRegen 0.50/turn    O - +6 ring of strength
MPRegen 0.20/turn

%: no teleportation, reflection
@: confused, resistant, heroic, spiked, hasted, studying Translocations, heavily
drained, very quick
A: horns 2, retaliatory headbutt, hooves 1, thin skeletal structure 1, clever 1,
deterioration 1, frail 1, low MP 1, screaming 1, subdued magic 3, inability to
drink after injury 1, inability to read after injury 2
0: Orb of Zot
}: 3/15 runes: serpentine, barnacled, slimy
a: Renounce Religion, Heroism, Finesse, Duel


You were on level 5 of the Realm of Zot.
You worshipped Okawaru.
Okawaru was exalted by your worship.
You visited 11 branches of the dungeon, and saw 49 of its levels.
You also visited: Gauntlet and Ice Cave.

You collected 5424 gold pieces.
You spent 1016 gold pieces at shops.

Inventory:

Hand Weapons
 a - the +5 broad axe of the Holding Owl {flame, rElec rC++ Int+3}
   (You found it on level 2 of the Elven Halls)

   Int+3:     It affects your intelligence (+3).
   rC++:      It greatly protects you from cold.
   rElec:     It insulates you from electricity.
 p - a +5 dire flail of holy wrath
 x - the +10 great mace "Rompecoj" {antimagic, *Slow rPois Will++}
   (You found it on level 4 of the Shoals)

   rPois:     It protects you from poison Will++: It greatly increases your
   willpower.
   *Slow:     It may slow you when you take damage.
 U - the +8 executioner's axe "Liexies" (weapon) {freeze, rElec rN+}
   (Okawaru gifted it to you on level 1 of the Lair of Beasts)

   rElec:     It insulates you from electricity.
   rN+:       It protects you from negative energy.
Missiles
 s - 56 boomerangs
 v - 5 curare-tipped darts
 y - 12 atropa-tipped darts
 Q - 4 darts of dispersal
 V - 37 silver javelins (quivered)
Armour
 l - a +2 cloak of poison resistance (worn)
 m - the +1 pair of boots of the Monkey (worn) {rF+ Will+}
   (You found it in a Gauntlet)

   rF+:       It protects you from fire.
   Will+:     It increases your willpower.
 L - a +2 pair of gloves of dexterity (worn)
 T - the +8 gold dragon scales of Incorporation (worn) {-Tele rPois rF+ rC+ Int+4}
   (Okawaru gifted it to you on level 5 of the Lair of Beasts)

   Int+4:     It affects your intelligence (+4).
   rF+:       It protects you from fire.
   rC+:       It protects you from cold.
   rPois:     It protects you from poison -Tele: It prevents most forms of
   teleportation.
 Z - a +3 kite shield of cold resistance
Jewellery
 b - a ring of willpower
 f - a ring of see invisible
 g - a ring of flight
 q - an amulet of reflection (around neck)
 t - a +5 ring of evasion
 u - a ring of protection from fire
 H - a ring of protection from cold
 N - the ring "Ycidastruaxi" {*Slow rCorr MP+9 Dex+6}
   (You took it off a minotaur in a Gauntlet)

   [ring of dexterity]

   Dex+6:     It affects your dexterity (+6).
   MP+9:      It affects your magic capacity (+9).
   rCorr:     It protects you from acid and corrosion.
   *Slow:     It may slow you when you take damage.
 O - a +6 ring of strength (right hand)
 W - a ring of positive energy
 Y - the ring of Xom's Full Attention (left hand) {Str+3 SInv}
   (You found it on level 5 of the Pits of Slime)

   [ring of see invisible]

   Str+3:     It affects your strength (+3).
   SInv:      It lets you see invisible.
Wands
 c - a wand of flame (26)
 r - a wand of acid (52)
 G - a wand of roots (46)
 P - a wand of mindburst (23)
 X - a wand of digging (27)
Scrolls
 e - 30 scrolls of identify
 j - 9 scrolls of enchant weapon
 k - 2 scrolls of blinking
 o - 4 scrolls of brand weapon
 z - 2 scrolls of torment
 A - 8 scrolls of enchant armour
 B - 6 scrolls of revelation
 C - 6 scrolls of fog
 I - 8 scrolls of vulnerability
 R - 11 scrolls of immolation
 S - 3 scrolls of fear
Potions
 d - 9 potions of might
 h - 21 potions of curing
 i - 7 potions of lignification
 n - 3 potions of berserk rage
 w - 3 potions of resistance
 D - a potion of ambrosia
 E - a potion of brilliance
 F - 4 potions of magic
 J - 7 potions of enlightenment
 K - 2 potions of cancellation
 M - 5 potions of haste


   Skills:
 O Level 27 Fighting
 O Level 27 Axes
 + Level 14.7(19.7) Throwing
 O Level 27 Armour
 - Level 9.0(14.0) Dodging
 - Level 4.2(9.2) Stealth
 - Level 10.5(15.5) Shields
 * Level 4.9 Spellcasting
 * Level 7.9 Translocations
 + Level 10.0 Invocations
 - Level 0.1 Evocations


You had 28 spell levels left.
You knew the following spells:

 Your Spells              Type           Power      Damage    Failure   Level
a - Vhi's Electric Charg  Tloc/Air       14%        N/A       69%         4

Your spell library contained the following spells:

 Spells                   Type           Power      Damage    Failure   Level
 Freeze                   Ice            4%         1d3       43%         1
 Magic Dart               Conj           4%         1d3       43%         1
 Sandblast                Erth           2%         2d4       43%         1
 Shock                    Conj/Air       4%         1d3       43%         1
 Slow                     Hex            4%         N/A       43%         1
 Sting                    Tmut/Pois      4%         1d3       43%         1
 Ensorcelled Hibernation  Hex/Ice        2%         N/A       58%         2
 Jinxbite                 Hex            2%         N/A       58%         2
 Passwall                 Tmut/Erth      0%         N/A       58%         2
 Poisonous Vapours        Pois/Air       2%         N/A       58%         2
 Sublimation of Blood     Necr           1%         N/A       58%         2
 Wereblood                Tmut           1%         N/A       58%         2
 Dimensional Bullseye     Hex/Tloc       3%         N/A       69%         4
 Iskenderun's Mystic Bla  Conj/Tloc      7%         2d4       69%         4
 Confusing Touch          Hex            1%         N/A       85%         3
 Dazzling Flash           Conj/Hex       2%         N/A       85%         3
 Frozen Ramparts          Ice            2%         1d1       85%         3
 Hailstorm                Conj/Ice       1%         3d3       85%         3
 Inner Flame              Hex/Fire       1%         N/A       85%         3
 Mephitic Cloud           Conj/Pois/Air  1%         N/A       85%         3
 Ozocubu's Armour         Ice            1%         N/A       85%         3
 Sigil of Binding         Hex            1%         N/A       85%         3
 Stone Arrow              Conj/Erth      2%         3d7       85%         3
 Swiftness                Air            1%         N/A       85%         3
 Vampiric Draining        Necr           1%         2d6       85%         3
 Airstrike                Air            0%         2d(1-17)  99%         4
 Anguish                  Hex/Necr       0%         N/A       99%         4
 Brom's Barrelling Bould  Conj/Erth      1%         2d3       99%         4
 Cause Fear               Hex            0%         N/A       99%         4
 Flame Wave               Conj/Fire      1%         2d4       99%         4
 Olgreb's Toxic Radiance  Pois           1%         N/A       99%         4
 Petrify                  Tmut/Erth      1%         N/A       99%         4
 Sticky Flame             Conj/Fire      1%         2d3       99%         4
 Alistair's Intoxication  Tmut/Pois      0%         N/A       100%        5
 Arcjolt                  Conj/Air       0%         1d10      100%        5
 Borgnjor's Vile Clutch   Necr/Erth      0%         N/A       100%        5
 Fireball                 Conj/Fire      0%         3d3       100%        5
 Freezing Cloud           Conj/Ice/Air   0%         6-21      100%        5
 Irradiate                Conj/Tmut      0%         3d11      100%        5
 Iskenderun's Battlesphe  Conj           1%         2d6       100%        5
 Metabolic Englaciation   Hex/Ice        0%         N/A       100%        5
 Silence                  Hex/Air        0%         N/A       100%        5
 Yara's Violent Unravell  Hex/Tmut       0%         3d3       100%        5
 Bombard                  Conj/Erth      0%         9d1       100%        6
 Conjure Ball Lightning   Conj/Air       0%         3x3d6     100%        6
 Plasma Beam              Fire/Air       0%         2x1d10    100%        6
 Enfeeble                 Hex            0%         N/A       100%        7
 Orb of Destruction       Conj           0%         9d5       100%        7
 Ozocubu's Refrigeration  Ice            0%         4d7       100%        7
 Borgnjor's Revivificati  Necr           0%         N/A       100%        8
 Discord                  Hex            0%         N/A       100%        8
 Disjunction              Tloc           6%         N/A       100%        8
 Maxwell's Capacitive Co  Air            0%         ∞         100%        8
 Death's Door             Necr           0%         N/A       100%        9
 Fire Storm               Conj/Fire      0%         6d1       100%        9
 Polar Vortex             Ice            0%         N/A       100%        9
 Call Imp                 Summ           Unusable   N/A       N/A         2
 Call Canine Familiar     Summ           Unusable   N/A       N/A         3
 Summon Guardian Golem    Hex/Summ       Unusable   N/A       N/A         3
 Tukima's Dance           Hex            Unusable   N/A       N/A         3
 Animate Dead             Necr           Unusable   N/A       N/A         4
 Summon Ice Beast         Ice/Summ       Unusable   N/A       N/A         4
 Summon Mana Viper        Hex/Summ       Unusable   N/A       N/A         5
 Death Channel            Necr           Unusable   N/A       N/A         6
 Simulacrum               Ice/Necr       Unusable   N/A       N/A         6
 Haunt                    Necr/Summ      Unusable   N/A       N/A         7
 Spellforged Servitor     Conj/Summ      Unusable   N/A       N/A         7
 Summon Hydra             Summ           Unusable   N/A       N/A         7

Dungeon Overview and Level Annotations

Branches:
Dungeon (15/15)            Temple (1/1) D:6            Lair (5/5) D:8
 Shoals (4/4) Lair:2        Snake (4/4) Lair:2        Slime (5/5) Lair:4
    Orc (2/2) D:11            Elf (3/3) Orc:2        Vaults (1/5) D:14
 Depths (4/4) D:15            Zot (5/5) Depths:4      IceCv (visited)
Gauntlet (visited)

Altars:
Ashenzari
Cheibriados
Dithmenos
Elyvilon
Fedhas
Gozag
Hepliaklqana
Kikubaaqudgha
Makhleb
Nemelex Xobeh
Okawaru
Qazlal
Ru
Sif Muna
Trog
Uskayaw
Vehumet
Wu Jian
Xom
Yredelemnul
Zin
The Shining One

Shops:
D:5 [   Orc:2 [(!*[   Elf:2 *   Elf:3 [   Shoals:3 !   Snake:2 (   Depths:2 ?
Depths:3 (![   Depths:4 :=:

Portals:
Hell: Depths:1 Depths:2 Depths:3 Depths:4
Abyss: Depths:3
Pandemonium: Depths:2
Ziggurat: Depths:2


Innate Abilities, Weirdness & Mutations

You have a pair of horns on your head.
You reflexively headbutt those who attack you in melee.
You have large cloven feet.
You have a somewhat thin skeletal structure. (Dex +2, Stealth+)
Your mind is acute. (Int +4, Str/Dex -1)
Your body sometimes deteriorates upon taking damage.
You are frail. (-10% HP)
Your magical capacity is low. (-10% MP)
You occasionally shout uncontrollably at your foes.
Your spells are much easier to cast, but much less powerful.
You occasionally lose the ability to drink potions when taking damage.
You sometimes lose the ability to read scrolls when taking damage.


Message History

Vaufis gestures at you.
The bolt of negative energy misses the soul eater.
The bolt of negative energy hits you!! You partially resist.
You feel drained.
* * * LOW HITPOINT WARNING * * *
Your body deteriorates!
You feel clumsy. The soul eater barely misses you.
You feel protected. Vaufis gestures at you.
The bolt of negative energy hits the soul eater.
The soul eater completely resists.
The bolt of negative energy hits you!! You partially resist.
You feel drained.
* * * LOW HITPOINT WARNING * * *
Okay, then.
Unknown command.
Okay, then.
The barbed spikes dig painfully into your body as you move.
* * * LOW HITPOINT WARNING * * *
The lich points at you and mumbles some strange words.
The bolt of cold misses Vaufis.
The bolt of cold hits the soul eater!
The soul eater resists.
The bolt of cold hits you! You resist.
* * * LOW HITPOINT WARNING * * *
You gain the combat prowess of a mighty hero.
The soul eater hits you but does no damage.
Vaufis gestures.
You are confused.
You're too confused to move!
You bump into the stone wall.
The soul eater hits you.
* * * LOW HITPOINT WARNING * * *
Vaufis gestures.
You resist with almost no effort.
You bump into the stone wall.
The soul eater barely misses you.
Vaufis gestures.
You resist with almost no effort.
You miss the soul eater. Your headbutt misses the soul eater.
The soul eater is moderately wounded.
You barely miss Vaufis.
You're too confused to move!
Vaufis gestures at you. The bolt of negative energy hits you!!
You partially resist.
You feel drained.
You die...

#.............# ##....^......)..
##...........## #.§...^......)..
#...........# #.............[.
##...........## #...............
#...^.........# #...............
#.............## #........^......
...............###...............
..###########.^.###.......^......
.## ##..@L##.....°)...... ##
###.&3...2..........
#▓▓▓▓▓▓▓▓▓▓▓##....
▓▓▓▓....3.&L..... #
##▓..2............. ##
##.................. .# ▓▓▓▓▓▓▓▓▓
#..............^....
.▓▓▓......^▓▓▓...................
.▓▓.........▓▓.......^...........


You could see Vaufis, a lich (fast, invisible), a green death and a soul eater.

Vanquished Creatures
  the Royal Jelly (Arena)
  7 dread liches
  5 orbs of fire (Zot:5)
  6 ancient liches (Zot:5)
  Mara (Depths:2)
  2 juggernauts
  Vv (Depths:4)
  2 Killer Klowns (Zot:5)
  2 curse toes
  Norris (Depths:2)
  3 golden dragons
  Nikola (Depths:2)
  the Enchantress (Depths:2)
  4 electric golems
  Jorgrun (D:12)
  18 tentacled monstrosities
  A lich (Depths:2)
  3 deep elf blademasters
  A walking crystal tome (Depths:4)
  25 Orb Guardians (Zot:5)
  5 quicksilver dragons
  A walking frostbound tome (Depths:4)
  2 deep elf master archers (Elf:3)
  A sphinx (Depths:4)
  Frances (D:12)
  Polyphemus (Shoals:2)
  An ancient champion (Depths:2)
  5 death cobs
  17 acid blobs
  3 shadow dragons
  The ghost of laschroeter the Warrior, an adept MiFi of Trog (Elf:2)
  13 storm dragons
  2 tengu reavers
  Aizul (Snake:4)
  5 draconian monks
  5 draconian knights
  5 fire giants
  3 nagarajas
  Ilsuiw (Shoals:3)
  13 azure jellies
  6 rockslimes
  A caustic shrike zombie (Depths:1)
  7 frost giants
  2 draconian scorchers
  2 deep elf sorcerers
  3 ghost moths
  3 draconian stormcallers
  5 formless jellyfish
  3 draconian shifters
  4 deep elf elementalists (Elf:3)
  An orc warlord (D:13)
  5 spriggan defenders
  A reaper (IceCv)
  28 very ugly things
  13 stone giants
  The ghost of Ruinkeog the Warrior, a journeyman MiFi of Gozag (Lair:1)
  12 quicksilver oozes
  6 green draconians
  6 vampire knights
  5 draconian annihilators
  6 deep elf demonologists
  4 yellow draconians
  8 black draconians
  7 deep elf annihilators
  7 white draconians
  12 purple draconians
  9 red draconians
  A spark wasp (Depths:2)
  A minotaur (Gauntlet)
  A green death (Depths:2)
  6 deep elf death magi (Elf:3)
  3 ettins
  11 merfolk impalers
  3 merfolk javelineers (Shoals:4)
  10 fire dragons
  An entropy weaver (Gauntlet)
  5 great orbs of eyes
  7 salamander tyrants
  2 deep elf high priests (Elf:3)
  9 hydras
  3 rakshasas
  8 ice dragons
  3 catoblepae
  An ogre mage (D:13)
  A hell beast (Depths:2)
  3 vault guards (D:14)
  8 spriggan air magi
  4 merfolk avatars
  7 centaur warriors
  A death knight (D:15)
  29 dancing weapons
  A sphinx skeleton (Depths:1)
  7 two-headed ogres
  2 merfolk aquamancers (Shoals:4)
  6 anacondas
  2 alligator snapping turtles
  13 naga warriors
  3 satyrs
  4 orc high priests (Orc:2)
  6 boulder beetles
  4 deep troll shamans
  5 vampire magi
  15 death yaks
  3 tengu warriors
  8 deep troll earth magi
  2 occultists
  3 spriggan berserkers
  5 shock serpents
  24 naga sharpshooters
  16 deep elf knights
  Nergalle (D:12)
  5 hell knights (Depths:4)
  11 salamander mystics
  Sonja (Lair:2)
  5 iron trolls
  5 skysharks
  A spectral spark wasp (Depths:2)
  A sea snake (shapeshifter) (D:15)
  3 spectral anacondas (Snake:4)
  14 sea snakes
  6 glowing orange brains
  A flayed ghost (Depths:1)
  11 deep trolls
  10 deep elf archers
  A kraken simulacrum (Shoals:4)
  12 naga ritualists
  2 necromancers
  Pikel (D:4)
  14 harpies
  3 arcanists (D:14)
  A tengu zombie (Depths:1)
  22 ugly things
  5 orc knights
  38 deep elf pyromancers
  8 orc sorcerers
  10 shining eyes
  29 deep elf zephyrmancers
  A wolf spider (Gauntlet)
  6 cyclopes
  10 fauns
  11 mana vipers
  A shining eye (shapeshifter) (D:13)
  21 salamanders
  17 moths of wrath
  17 manticores
  Joseph (D:8)
  14 elephants (Lair:5)
  14 merfolk sirens
  42 black mambas
  3 eyes of devastation
  A torpor snail (Gauntlet)
  18 naga magi
  An eye of devastation (shapeshifter) (Depths:4)
  6 guardian serpents
  2 ice statues (IceCv)
  2 gargoyles
  4 water nymphs
  12 cane toads
  Jeremiah (D:8)
  A spectral sea snake (Snake:4)
  4 rime drakes
  5 komodo dragons
  2 kobold demonologists
  An unseen horror (D:11)
  A freezing wraith (Depths:2)
  A yaktaur (shapeshifter) (Elf:1)
  A tengu conjurer (Gauntlet)
  6 ice devils (IceCv)
  3 minotaur zombies (Gauntlet)
  4 anaconda simulacra
  3 sea snake skeletons (Snake:4)
  6 trolls
  6 spectral nagas (Snake:4)
  27 merfolk
  3 polar bears (Lair:5)
  13 wind drakes
  A spectral guardian serpent (Snake:4)
  14 dream sheep
  10 hornets
  4 glass eyes
  18 blink frogs
  A spriggan zombie (Depths:1)
  7 flying skulls (Gauntlet)
  12 snapping turtles
  A vampire (D:13)
  2 air elementals
  Sigmund (D:2)
  126 slime creatures
  6 water elementals
  A shadow (D:9)
  2 ynoxinuls (D:10)
  A guardian serpent skeleton (Snake:4)
  7 basilisks
  4 spriggans
  5 wyverns
  3 dire elephant simulacra (IceCv)
  17 humans (D:14)
  61 yaks
  2 wraiths
  A golden eye (shapeshifter) (Elf:3)
  A spriggan simulacrum (Depths:1)
  3 fire elementals
  A golden eye (Slime:1)
  5 alligator snapping turtle simulacra (Shoals:4)
  3 sea snake simulacra
  A death yak simulacrum (Shoals:4)
  11 vampire mosquitoes
  4 steam dragons
  A redback (Gauntlet)
  7 harpy simulacra
  2 hydra simulacra (IceCv)
  65 nagas
  13 water moccasins
  Duvessa (D:4)
  2 guardian serpent simulacra (Snake:4)
  An acid dragon (D:8)
  34 orc warriors
  2 black bears
  30 wolves
  9 ogres
  28 centaurs
  2 lemures (D:4)
  2 kobold brigands (D:9)
  2 faun simulacra (Shoals:4)
  10 bullfrogs
  A gnoll sergeant (D:13)
  4 scorpions
  3 earth elementals
  A two-headed ogre simulacrum (IceCv)
  7 wights
  Dowan (D:4)
  3 snapping turtle simulacra (Shoals:4)
  5 killer bees
  3 manticore simulacra (Shoals:4)
  11 howler monkeys
  2 electric eels
  32 orc priests
  2 hounds (D:5)
  A jelly (D:5)
  Crazy Yiuf (D:4)
  4 cyclops simulacra (Shoals:4)
  A gnoll bouda (D:7)
  An iguana (D:6)
  14 orc wizards
  4 hell rats (Lair:2)
  A centaur simulacrum (Shoals:4)
  2 naga skeletons (Snake:4)
  10 gnolls
  3 adders
  3 naga simulacra (Snake:4)
  A shadow imp (D:7)
  2 white imps (D:7)
  12 ufetubi
  3 worms
  2 dart slugs
  106 orcs
  7 bats
  7 endoplasms
  7 giant cockroaches
  8 goblins
  6 hobgoblins
  11 jackals
  20 kobolds
  6 quokkas
  7 ball pythons
  5 frilled lizards
  2 rats
  A spectral weapon (Elf:2)
  A tentacle (Shoals:4)
1990 creatures vanquished.

Vanquished Creatures (others)
  A deep elf zephyrmancer (Elf:1)
  2 deep elf pyromancers
  An orc priest (Orc:2)
  An orc wizard (Orc:2)
  3 tentacles (Shoals:4)
8 creatures vanquished.

Grand Total: 1998 creatures vanquished

Notes
Turn   | Place    | Note
-------+----------+-------------------------------------------
     0 | D:1      | wildpjah the Minotaur Fighter began the quest for the Orb.
     0 | D:1      | Reached XP level 1. HP: 19/19 MP: 0/0
   123 | D:1      | Reached XP level 2. HP: 27/27 MP: 1/1
   581 | D:1      | You fall into a shaft and drop 1 floor!
   854 | D:2      | Reached XP level 3. HP: 33/33 MP: 2/2
   944 | D:2      | Noticed Sigmund
   962 | D:2      | Killed Sigmund
   963 | D:2      | Reached skill level 5 in Armour
   963 | D:2      | Reached XP level 4. HP: 11/41 MP: 3/3
   963 | D:2      | Reached XP level 5. HP: 13/47 MP: 4/4
  1621 | D:2      | Reached skill level 5 in Shields
  1763 | D:3      | Reached XP level 6. HP: 55/55 MP: 5/5
  2794 | D:5      | Entered Level 5 of the Dungeon
  2883 | D:4      | Reached skill level 5 in Fighting
  2883 | D:4      | Reached skill level 1 in Dodging
  2960 | D:4      | Noticed Pikel
  2976 | D:4      | Killed Pikel
  2977 | D:4      | Reached XP level 7. HP: 32/62 MP: 6/6
  3343 | D:4      | Noticed Duvessa
  3343 | D:4      | Noticed Dowan
  3353 | D:4      | Killed Dowan
  3373 | D:4      | Killed Duvessa
  3374 | D:4      | Reached XP level 8. HP: 36/70 MP: 7/7
  3734 | D:4      | Found a runed translucent door.
  3735 | D:4      | Noticed Crazy Yiuf
  3743 | D:4      | Killed Crazy Yiuf
  3948 | D:5      | Found a radiant altar of Vehumet.
  3951 | D:5      | Found a sacrificial altar of Ru.
  4364 | D:5      | Found Qex Leg's Armour Boutique.
  4552 | D:6      | Found a glowing silver altar of Zin.
  4892 | D:6      | Found a staircase to the Ecumenical Temple.
  4923 | Temple   | Entered the Ecumenical Temple
  4932 | Temple   | Became a worshipper of Warmaster Okawaru
  5049 | D:6      | Identified the +2 robe of Riteowas {rN+ Archmagi}
  5230 | D:5      | Bought a +2 pair of gloves of dexterity for 301 gold pieces
  5262 | D:7      | Identified the "Gublynal"
  5267 | D:7      | Noticed a hornet
  5273 | D:7      | Killed a hornet
  5274 | D:7      | Reached XP level 9. HP: 69/79 MP: 8/8
  5474 | D:7      | Reached * piety under Okawaru
  5608 | D:7      | Reached skill level 1 in Stealth
  5630 | D:7      | Reached skill level 10 in Axes
  6443 | D:8      | Noticed Joseph
  6460 | D:8      | Killed Joseph
  6473 | D:8      | Found a staircase to the Lair.
  6503 | D:8      | Reached ** piety under Okawaru
  6657 | D:8      | Noticed a two-headed ogre
  6670 | D:8      | Killed a two-headed ogre
  6671 | D:8      | Reached XP level 10. HP: 74/88 MP: 6/9
  6715 | D:8      | Found a hide-covered altar of Uskayaw.
  6743 | D:8      | Reached *** piety under Okawaru
  6906 | D:8      | Noticed Jeremiah
  6927 | D:8      | Killed Jeremiah
  6928 | D:8      | Reached skill level 5 in Dodging
  7226 | D:9      | Noticed a two-headed ogre
  7238 | D:9      | Killed a two-headed ogre
  7238 | D:9      | Reached **** piety under Okawaru
  7392 | D:9      | Reached skill level 1 in Throwing
  7735 | D:9      | Reached XP level 11. HP: 87/95 MP: 10/10
  7778 | D:9      | Reached ***** piety under Okawaru
  8148 | D:10     | Entered Level 10 of the Dungeon
  8485 | D:10     | Received a gift from Okawaru
  8677 | D:10     | Noticed a cyan ugly thing
  8688 | D:10     | Killed a cyan ugly thing
  9153 | D:11     | Found a staircase to the Orcish Mines.
  9333 | D:11     | Noticed a boulder beetle
  9360 | D:11     | Killed a boulder beetle
  9508 | Lair:1   | Entered Level 1 of the Lair of Beasts
  9760 | Lair:1   | Noticed a boulder beetle
  9783 | Lair:1   | Killed a boulder beetle
  9784 | Lair:1   | Reached skill level 10 in Fighting
 10009 | Lair:1   | Reached ****** piety under Okawaru
 10010 | Lair:1   | Reached skill level 10 in Shields
 10012 | Lair:1   | Noticed an eight-headed hydra
 10012 | Lair:1   | Noticed Ruinkeog's ghost (journeyman MiFi)
 10017 | Lair:1   | Reached skill level 10 in Armour
 10029 | Lair:1   | Received a gift from Okawaru
 10056 | Lair:1   | Reached XP level 12. HP: 103/107 MP: 11/11
 10105 | Lair:1   | Found a transporter.
 10110 | Lair:1   | Found a transporter.
 10557 | Lair:1   | Acquired the +8 executioner's axe "Liexies" {freeze, rElec
                  | rN+}
 10557 | Lair:1   | Received a gift from Okawaru
 10571 | Lair:2   | Noticed a four-headed hydra
 10592 | Lair:2   | Killed a one-headed hydra
 10609 | Lair:2   | Found a staircase to the Snake Pit.
 10640 | Lair:2   | Received a gift from Okawaru
 10676 | Lair:2   | Noticed a death yak
 10676 | Lair:2   | Noticed a death yak
 10676 | Lair:2   | Noticed a death yak
 10676 | Lair:2   | Noticed a death yak
 10676 | Lair:2   | Noticed a death yak
 10678 | Lair:2   | Noticed a death yak
 10681 | Lair:2   | Killed a death yak
 10683 | Lair:2   | Killed a death yak
 10684 | Lair:2   | Reached skill level 15 in Axes
 10686 | Lair:2   | Killed a death yak
 10690 | Lair:2   | Killed a death yak
 10691 | Lair:2   | Killed a death yak
 10692 | Lair:2   | Reached skill level 1 in Invocations
 10695 | Lair:2   | Killed a death yak
 10812 | Lair:2   | Noticed Sonja
 10820 | Lair:2   | Killed Sonja
 10820 | Lair:2   | Received a gift from Okawaru
 10852 | Lair:2   | Noticed a death yak
 10853 | Lair:2   | Noticed a death yak
 10856 | Lair:2   | Killed a death yak
 10862 | Lair:2   | Killed a death yak
 11005 | Lair:2   | Found a blossoming altar of Fedhas.
 11064 | Lair:2   | Found a staircase to the Shoals.
 11380 | Lair:2   | Noticed a death yak
 11380 | Lair:2   | Noticed a death yak
 11386 | Lair:2   | Killed a death yak
 11388 | Lair:2   | Killed a death yak
 11787 | Lair:3   | You fall into a shaft and drop 1 floor!
 11788 | Lair:4   | Found a staircase to the Slime Pits.
 11793 | Lair:4   | Reached XP level 13. HP: 110/117 MP: 13/13
 11849 | Lair:3   | Received a gift from Okawaru
 11916 | Lair:3   | Found a frozen archway.
 11925 | IceCv    | Entered an ice cave
 12614 | IceCv    | Noticed a reaper
 12628 | IceCv    | Killed a reaper
 13711 | Lair:4   | Received a gift from Okawaru
 14261 | Lair:5   | Entered Level 5 of the Lair of Beasts
 14297 | Lair:5   | Found a gate leading to a gauntlet.
 14306 | Gauntlet | Entered a Gauntlet
 14306 | Gauntlet | Found a transporter.
 14318 | Gauntlet | Found a transporter.
 14319 | Gauntlet | Found a transporter.
 14323 | Gauntlet | Found a transporter.
 14327 | Gauntlet | Found a transporter.
 14330 | Gauntlet | Found a transporter.
 14331 | Gauntlet | Found a transporter.
 14341 | Gauntlet | Found a transporter.
 14343 | Gauntlet | Found a transporter.
 14344 | Gauntlet | Found a transporter.
 14351 | Gauntlet | Found a runed translucent door.
 14353 | Gauntlet | Found a transporter.
 14356 | Gauntlet | Found a transporter.
 14357 | Gauntlet | Found a transporter.
 14361 | Gauntlet | Found a runed translucent door.
 14363 | Gauntlet | Found a runed translucent door.
 14365 | Gauntlet | Found a transporter.
 14461 | Gauntlet | Identified the +1 pair of boots of the Monkey {rF+ Will+}
 14486 | Gauntlet | Received a gift from Okawaru
 14715 | Gauntlet | Identified the ring "Ycidastruaxi" {*Slow rCorr MP+9 Dex+6}
 14715 | Gauntlet | Noticed a minotaur
 14721 | Gauntlet | Killed a minotaur
 14874 | Lair:5   | Reached XP level 14. HP: 71/129 MP: 14/14
 15035 | Lair:5   | Received a gift from Okawaru
 15682 | Lair:5   | Received a gift from Okawaru
 15914 | Lair:5   | Acquired the +8 gold dragon scales of Incorporation {-Tele
                  | rPois rF+ rC+ Int+4}
 15914 | Lair:5   | Received a gift from Okawaru
 16182 | Lair:5   | Received a gift from Okawaru
 16703 | Orc:1    | Entered Level 1 of the Orcish Mines
 16891 | Orc:2    | Entered Level 2 of the Orcish Mines
 16891 | Orc:2    | Found a staircase to the Elven Halls.
 17351 | Orc:2    | Found Komi's Armour Boutique.
 17713 | Orc:2    | Received a gift from Okawaru
 17911 | Orc:2    | Found Oklorph's Distillery.
 17925 | Orc:2    | Found Sytzyas's General Store.
 17927 | Orc:2    | Found Ixkixt's Antique Weapon Boutique.
 17933 | Orc:2    | Bought a scroll of revelation for 127 gold pieces
 17933 | Orc:2    | Bought a potion of heal wounds for 85 gold pieces
 17933 | Orc:2    | Bought a scroll of brand weapon for 161 gold pieces
 18101 | Orc:2    | Found Nastruem's Armour Emporium.
 18567 | D:11     | Reached XP level 15. HP: 99/139 MP: 15/15
 19330 | D:12     | Noticed Nergalle
 19334 | D:12     | Killed Nergalle
 19430 | D:12     | Noticed Frances
 19436 | D:12     | Killed Frances
 19436 | D:12     | Received a gift from Okawaru
 19497 | D:12     | Reached skill level 5 in Throwing
 19546 | D:12     | Noticed Jorgrun
 19560 | D:12     | Killed Jorgrun
 20952 | D:13     | Noticed a fire giant
 20953 | D:13     | Found a runed translucent door.
 21187 | Lair:1   | Received a gift from Okawaru
 21190 | Lair:1   | Reached skill level 15 in Fighting
 21194 | Lair:1   | Killed Ruinkeog's ghost
 21261 | Lair:1   | Identified the +1 spear of Diet Blood {heavy, rElec Will++
                  | MP-9 Dex+2}
 21305 | Snake:1  | Entered Level 1 of the Snake Pit
 21424 | Snake:1  | Received a gift from Okawaru
 22255 | Snake:2  | Found Viptoom's Antique Weapon Shoppe.
 22261 | Snake:2  | Received a gift from Okawaru
 22868 | Snake:2  | Identified the staff "Viusiem" {Dex+4 Earth}
 23009 | Snake:2  | Received a gift from Okawaru
 23132 | Snake:2  | Reached XP level 16. HP: 151/151 MP: 16/16
 23133 | Snake:2  | Gained mutation: Your mind is acute. (Int +4, Str/Dex -1)
                  | [potion of mutation]
 23133 | Snake:2  | Gained mutation: Your muscles are strong. (Str +4, Int/Dex
                  | -1) [potion of mutation]
 23133 | Snake:2  | Gained mutation: You have a pair of large horns on your
                  | head. [potion of mutation]
 23133 | Snake:2  | Gained mutation: You are partially covered in iridescent
                  | scales. (AC +2) [potion of mutation]
 24244 | Snake:3  | Received a gift from Okawaru
 24916 | Snake:3  | Received a gift from Okawaru
 26127 | Snake:4  | Entered Level 4 of the Snake Pit
 26157 | Snake:4  | Received a gift from Okawaru
 26661 | Snake:4  | Received a gift from Okawaru
 26697 | Snake:4  | Reached skill level 15 in Armour
 26779 | Snake:4  | Reached XP level 17. HP: 49/162 MP: 17/17
 26902 | Snake:4  | Received a gift from Okawaru
 27646 | Snake:4  | Received a gift from Okawaru
 27909 | Snake:4  | Identified the serpent talisman of the Sacrificial Victim
                  | {Int+2}
 27909 | Snake:4  | Noticed Aizul
 27920 | Snake:4  | Killed Aizul
 28274 | Snake:4  | Got a serpentine rune of Zot
 29152 | D:13     | Received a gift from Okawaru
 29163 | D:13     | Identified the +7 long sword of Circularity {drain, *Rage
                  | rPois rN++ Str+2}
 29982 | D:14     | Found a broken altar of Ashenzari.
 30109 | D:14     | Received a gift from Okawaru
 30648 | D:14     | Found a gate to the Vaults.
 30852 | D:15     | Entered Level 15 of the Dungeon
 30893 | D:15     | Found an opulent altar of Gozag.
 30908 | D:15     | Reached XP level 18. HP: 176/176 MP: 18/18
 30916 | D:15     | Received a gift from Okawaru
 31627 | D:15     | Found a staircase to the Depths.
 32033 | Shoals:1 | Entered Level 1 of the Shoals
 32240 | Shoals:1 | Identified the +1 whip of Articulation {speed, Dex+3}
 32632 | Shoals:1 | Identified the +3 scale mail "Qanub" {-Cast rElec rPois
                  | Int-3}
 32990 | Shoals:2 | Noticed Polyphemus
 32999 | Shoals:2 | Killed Polyphemus
 32999 | Shoals:2 | Received a gift from Okawaru
 33741 | Shoals:3 | Received a gift from Okawaru
 33846 | Shoals:3 | Noticed Ilsuiw
 33901 | Shoals:3 | Killed Ilsuiw
 34246 | Shoals:3 | Received a gift from Okawaru
 34434 | Shoals:3 | Found Leshrox's Distillery.
 34447 | Shoals:3 | Bought a potion of heal wounds for 90 gold pieces
 34447 | Shoals:3 | Bought a potion of curing for 54 gold pieces
 34447 | Shoals:3 | Bought a potion of curing for 54 gold pieces
 35075 | Shoals:4 | Entered Level 4 of the Shoals
 35157 | Shoals:4 | Received a gift from Okawaru
 35857 | Shoals:4 | Found a runed translucent gate.
 35858 | Shoals:4 | Found a runed translucent gate.
 35859 | Shoals:4 | Received a gift from Okawaru
 35967 | Shoals:4 | Found a runed translucent gate.
 35971 | Shoals:4 | Identified the +10 great mace "Rompecoj" {antimagic, *Slow
                  | rPois Will++}
 36018 | Shoals:4 | Reached XP level 19. HP: 152/188 MP: 19/19
 36328 | Shoals:4 | Got a barnacled rune of Zot
 36420 | Shoals:4 | Identified the +10 orcbow of Awkwardness {antimagic, Contam
                  | Str+5 Int+6}
 36675 | Shoals:4 | Received a gift from Okawaru
 36703 | Shoals:4 | HP: 2/189 [alligator snapping turtle simulacrum (23)]
 37051 | Shoals:4 | Identified the +4 short sword of Victory {elec, rCorr}
 37230 | Depths:2 | Identified the "Idoteoru"
 37230 | Elf:1    | Identified the "Datrud"
 37230 | Elf:1    | Identified the "Rooggah"
 37230 | Elf:3    | Identified the of Otwalui
 37230 | Elf:3    | Identified the of Kougren
 37230 | Elf:3    | Identified the "Jiel"
 37230 | Slime:1  | Entered Level 1 of the Pits of Slime
 37338 | Slime:1  | Gained mutation: Your body sometimes deteriorates upon
                  | taking damage. [a shining eye]
 37342 | Slime:1  | Gained mutation: You are vulnerable to heat. (rF-) [a
                  | shining eye]
 37371 | Slime:1  | Lost mutation: Your muscles are strong. (Str +4, Int/Dex
                  | -1) [a shining eye]
 37442 | Slime:1  | Paralysed by a formless jellyfish for 1 turns
 37449 | Slime:1  | Paralysed by a formless jellyfish for 1 turns
 37704 | Elf:1    | Entered Level 1 of the Elven Halls
 37704 | Elf:1    | Found a runed translucent gate.
 37704 | Elf:1    | Found a runed translucent gate.
 37704 | Elf:1    | Found a runed translucent gate.
 37704 | Elf:1    | Found a runed translucent gate.
 37704 | Elf:1    | Found a runed translucent gate.
 37704 | Elf:1    | Found a runed translucent gate.
 37705 | Elf:1    | Found a runed translucent door.
 37718 | Elf:1    | Found a runed translucent door.
 37869 | Elf:1    | Received a gift from Okawaru
 37940 | Elf:1    | Reached skill level 27 in Axes
 38188 | Elf:1    | Noticed a Tzitzimitl
 38412 | Elf:1    | Received a gift from Okawaru
 38608 | Elf:1    | Identified the +4 chain mail of Eternal Night {Will+ Str+3
                  | SInv}
 38964 | Elf:1    | Identified the +1 robe of Uskayaw {Dex+3}
 38977 | Elf:1    | Received a gift from Okawaru
 39169 | Elf:2    | Found Viofic's Assorted Antiques.
 39299 | Elf:2    | Found a large runed translucent door.
 39300 | Elf:2    | Found a large runed translucent door.
 39346 | Elf:2    | Noticed laschroeter's ghost (adept MiFi)
 39357 | Elf:2    | Killed laschroeter's ghost
 39362 | Elf:2    | Identified the +5 broad axe of the Holding Owl {flame,
                  | rElec rC++ Int+3}
 39384 | Elf:2    | Identified the +3 mace of Wecaich {freeze, Dex+3}
 39478 | Elf:2    | Found a huge runed translucent gate.
 39478 | Elf:2    | Found a huge runed translucent gate.
 39478 | Elf:2    | Found a huge runed translucent gate.
 39478 | Elf:2    | Found a huge runed translucent gate.
 39478 | Elf:2    | Found a huge runed translucent gate.
 39947 | Elf:2    | Received a gift from Okawaru
 40197 | Elf:2    | Reached XP level 20. HP: 152/202 MP: 20/20
 40601 | Elf:3    | Entered Level 3 of the Elven Halls
 41284 | Elf:3    | Identified the +5 battleaxe of Mostolifung {flame, Int+2}
 41606 | Elf:3    | Identified the +4 short sword of Generosity {flame, rPois
                  | Int+2}
 41628 | Elf:3    | HP: 10/204 [hellwing[a deep elf demonologist] (2)]
 42460 | Elf:3    | Identified the +11 quarterstaff of Upheaval {vamp, Dex+3}
 43100 | Elf:3    | Found Feog's Armour Emporium.
 43844 | Slime:1  | Received a gift from Okawaru
 44315 | Slime:2  | Gained mutation: Your body often deteriorates upon taking
                  | damage. [a shining eye]
 44511 | Slime:2  | Gained mutation: Your spells are a little easier to cast,
                  | but a little less powerful. [a shining eye]
 44513 | Slime:2  | Gained mutation: You are frail. (-10% HP) [a shining eye]
 44515 | Slime:2  | Gained mutation: You are very frail. (-20% HP) [a shining
                  | eye]
 44517 | Slime:2  | Gained mutation: You are occasionally teleported next to
                  | monsters. [a shining eye]
 44945 | Slime:3  | Received a gift from Okawaru
 45611 | Slime:5  | Identified the of Lygun
 45611 | Slime:5  | Entered Level 5 of the Pits of Slime
 45763 | Slime:5  | Noticed the Royal Jelly
 45794 | Slime:5  | HP: 8/168 [acid (3)]
 46131 | Arena    | Entered the Arena
 46136 | Arena    | Killed the Royal Jelly
 46169 | Slime:5  | Reached XP level 21. HP: 27/173 MP: 12/23
 46505 | Slime:5  | Reached skill level 5 in Invocations
 46648 | Slime:5  | Identified the +4 long sword of the Median {freeze, Will-
                  | Int+2 Dex+4 Stlth+}
 46664 | Slime:5  | Identified the ring of Mumaxa {Wiz rC+ rCorr Str+2}
 46683 | Slime:5  | Identified the +0 chain mail "Sizaffoi" {-Tele rPois rF+++}
 46719 | Slime:5  | Identified the ring of Xom's Full Attention {Str+3 SInv}
 46734 | Slime:5  | Identified the +0 scale mail of the Cockatrice {-Tele
                  | Rampage rN+++ Str-5}
 46742 | Slime:5  | Got a slimy rune of Zot
 46942 | Slime:5  | Gained mutation: Your magical capacity is low. (-10% MP) [a
                  | shining eye]
 46944 | Slime:5  | Gained mutation: You are very vulnerable to heat. (rF--) [a
                  | shining eye]
 46947 | Slime:5  | Gained mutation: You occasionally lose the ability to read
                  | scrolls when taking damage. [a shining eye]
 47254 | Slime:5  | Paralysed by a formless jellyfish for 1 turns
 47271 | Slime:5  | Received a gift from Okawaru
 48261 | Vaults:1 | Entered Level 1 of the Vaults
 48352 | Depths:1 | Entered Level 1 of the Depths
 48767 | Snake:2  | Lost mutation: Your mind is acute. (Int +4, Str/Dex -1)
                  | [potion of mutation]
 48767 | Snake:2  | Lost mutation: You are very vulnerable to heat. (rF--)
                  | [potion of mutation]
 48768 | Snake:2  | Lost mutation: You are very frail. (-20% HP) [potion of
                  | mutation]
 48768 | Snake:2  | Lost mutation: You occasionally lose the ability to read
                  | scrolls when taking damage. [potion of mutation]
 48768 | Snake:2  | Gained mutation: You passively map a small area around you.
                  | [potion of mutation]
 48769 | Snake:2  | Lost mutation: You are partially covered in iridescent
                  | scales. (AC +2) [potion of mutation]
 48769 | Snake:2  | Lost mutation: You are occasionally teleported next to
                  | monsters. [potion of mutation]
 48769 | Snake:2  | Gained mutation: You have a somewhat thin skeletal
                  | structure. (Dex +2, Stealth+) [potion of mutation]
 48823 | Snake:4  | Lost mutation: You passively map a small area around you.
                  | [potion of mutation]
 48823 | Snake:4  | Lost mutation: Your body often deteriorates upon taking
                  | damage. [potion of mutation]
 48823 | Snake:4  | Lost mutation: You are vulnerable to heat. (rF-) [potion of
                  | mutation]
 48823 | Snake:4  | Gained mutation: Your mind is acute. (Int +4, Str/Dex -1)
                  | [potion of mutation]
 48823 | Snake:4  | Gained mutation: You have large cloven feet. [potion of
                  | mutation]
 49055 | Shoals:3 | Bought a potion of mutation for 144 gold pieces
 49055 | Shoals:3 | Lost mutation: You are frail. (-10% HP) [potion of
                  | mutation]
 49055 | Shoals:3 | Lost mutation: Your body sometimes deteriorates upon taking
                  | damage. [potion of mutation]
 49562 | Depths:1 | Identified the +5 ring mail of Free Expression {rN+}
 49618 | Depths:1 | Found a gateway to Hell.
 49712 | Depths:1 | Received a gift from Okawaru
 49881 | Depths:1 | Lost mutation: You have a pair of large horns on your head.
                  | [potion of mutation]
 49881 | Depths:1 | Lost mutation: Your mind is acute. (Int +4, Str/Dex -1)
                  | [potion of mutation]
 49881 | Depths:1 | Gained mutation: Your mind is acute. (Int +4, Str/Dex -1)
                  | [potion of mutation]
 50318 | Depths:1 | Found a sparkling altar of Nemelex Xobeh.
 50472 | Depths:2 | Found Asihaugy's Magic Scroll Boutique.
 50494 | Depths:2 | Found a one-way gateway to a ziggurat.
 50678 | Depths:2 | Noticed Nikola
 50686 | Depths:2 | Killed Nikola
 50798 | Depths:2 | Noticed a juggernaut
 50798 | Depths:2 | Noticed the Enchantress
 50815 | Depths:2 | Killed the Enchantress
 50816 | Depths:2 | Killed a juggernaut
 50816 | Depths:2 | Received a gift from Okawaru
 51413 | Depths:2 | Reached skill level 27 in Fighting
 51511 | Depths:2 | Received a gift from Okawaru
 51760 | Depths:2 | Noticed Norris
 51763 | Depths:2 | Noticed Mara
 51773 | Depths:2 | Killed Norris
 51778 | Depths:2 | Noticed wildpjah's illusion
 51800 | Depths:2 | Killed Mara
 51801 | Depths:2 | Reached XP level 22. HP: 64/233 MP: 23/23
 52346 | Depths:2 | Found a one-way gate leading to the halls of Pandemonium.
 52777 | Depths:3 | Reached skill level 10 in Throwing
 53001 | Depths:3 | Found a one-way gate to the infinite horrors of the Abyss.
 53350 | Depths:3 | Found Plog's Antique Armour Boutique.
 53352 | Depths:3 | Found Hehourru's Distillery.
 53359 | Depths:3 | Found Ceekk's Antique Weapon Boutique.
 53879 | Depths:4 | Entered Level 4 of the Depths
 53883 | Depths:4 | Received a gift from Okawaru
 54152 | Depths:4 | Noticed a juggernaut
 54161 | Depths:4 | Killed a juggernaut
 54376 | Depths:4 | Found Zite's Book Shoppe.
 54376 | Depths:4 | Found Alalao's Jewellery Shop.
 54378 | Depths:4 | Found Asmet's Book Shoppe.
 54471 | Depths:4 | Noticed Vv
 54475 | Depths:4 | Received a gift from Okawaru
 54499 | Depths:4 | Killed Vv
 54789 | Depths:4 | Found a gate to the Realm of Zot.
 54797 | Depths:4 | Paralysed by a vampire knight for 5 turns
 55693 | Zot:1    | Entered Level 1 of the Realm of Zot
 56700 | Zot:1    | Reached XP level 23. HP: 237/240 MP: 25/25
 57046 | Zot:2    | Received a gift from Okawaru
 57277 | Zot:2    | Noticed a curse toe
 57286 | Zot:2    | Killed a curse toe
 57316 | Zot:2    | Noticed a dread lich
 57323 | Zot:2    | Noticed a dread lich
 57326 | Zot:2    | Killed a dread lich
 57327 | Zot:2    | Noticed a dread lich
 57333 | Zot:2    | Killed a dread lich
 57343 | Zot:2    | Killed a dread lich
 57345 | Zot:2    | Noticed a dread lich
 57682 | Zot:1    | Killed a dread lich
 57908 | Zot:2    | Received a gift from Okawaru
 58040 | Zot:2    | Noticed a dread lich
 58046 | Zot:2    | Killed a dread lich
 58082 | Zot:2    | Learned a level 4 spell: Vhi's Electric Charge
 58138 | Zot:2    | Identified the staff "Ysax" {Fly rPois Str+2 Int-4 Poison}
 58259 | Zot:2    | Found a shimmering blue altar of Sif Muna.
 58424 | Zot:3    | Identified the +2 pair of gloves of the Salamander {Drain
                  | rC+++ Will+ rCorr}
 58481 | Zot:3    | Reached skill level 1 in Translocations
 58506 | Zot:3    | Received a gift from Okawaru
 58536 | Zot:3    | Reached skill level 1 in Spellcasting
 58543 | Zot:3    | HP: 11/240 [black draconian knight/shard of ice[a black
                  | draconian knight] (23)]
 58974 | Zot:3    | Identified the +3 short sword of Erosous {protect, Contam
                  | Will+ Dex+7}
 59814 | Zot:4    | Received a gift from Okawaru
 60273 | Zot:4    | Noticed a curse toe
 60286 | Zot:4    | Killed a curse toe
 61133 | Zot:5    | Entered Level 5 of the Realm of Zot
 61138 | Zot:5    | Identified the +9 broad axe of the Boiling Point {protect,
                  | rF+}
 61436 | Zot:5    | Reached XP level 24. HP: 229/249 MP: 26/26
 61484 | Zot:5    | Noticed an ancient lich
 61492 | Zot:5    | Killed an ancient lich
 61492 | Zot:5    | Received a gift from Okawaru
 61496 | Zot:5    | Noticed an orb of fire
 61503 | Zot:5    | Noticed an orb of fire
 61503 | Zot:5    | Noticed a dread lich
 61504 | Zot:5    | Noticed a Killer Klown
 61505 | Zot:5    | Gained mutation: You occasionally lose the ability to drink
                  | potions when taking damage. [an orb of fire]
 61506 | Zot:5    | Gained mutation: Your spells are easier to cast, but less
                  | powerful. [an orb of fire]
 61510 | Zot:5    | Noticed an ancient lich
 61515 | Zot:5    | Gained mutation: You occasionally shout uncontrollably at
                  | your foes. [an orb of fire]
 61517 | Zot:5    | Gained mutation: Your body sometimes deteriorates upon
                  | taking damage. [an orb of fire]
 61517 | Zot:5    | Gained mutation: You occasionally lose the ability to read
                  | scrolls when taking damage. [an orb of fire]
 61521 | Zot:5    | Killed an orb of fire
 61522 | Zot:5    | Reached skill level 5 in Translocations
 61524 | Zot:5    | Killed an orb of fire
 61527 | Zot:5    | Killed a dread lich
 61534 | Zot:5    | Killed an ancient lich
 61535 | Zot:5    | Killed a Killer Klown
 61536 | Zot:5    | Reached skill level 27 in Armour
 61625 | Zot:5    | Noticed an orb of fire
 61630 | Zot:5    | Gained mutation: You sometimes lose the ability to read
                  | scrolls when taking damage. [an orb of fire]
 61632 | Zot:5    | Killed an orb of fire
 61635 | Zot:5    | Noticed an ancient lich
 61642 | Zot:5    | Killed an ancient lich
 61721 | Zot:5    | Noticed a Killer Klown
 61738 | Zot:5    | Killed a Killer Klown
 61738 | Zot:5    | Received a gift from Okawaru
 62017 | Zot:5    | Noticed an orb of fire
 62018 | Zot:5    | Gained mutation: You are frail. (-10% HP) [an orb of fire]
 62023 | Zot:5    | Gained mutation: Your spells are much easier to cast, but
                  | much less powerful. [an orb of fire]
 62026 | Zot:5    | Killed an orb of fire
 62136 | Zot:5    | Noticed a dread lich
 62141 | Zot:5    | Noticed an ancient lich
 62145 | Zot:5    | Killed a dread lich
 62146 | Zot:5    | Noticed an ancient lich
 62152 | Zot:5    | Killed an ancient lich
 62156 | Zot:5    | Killed an ancient lich
 62156 | Zot:5    | Received a gift from Okawaru
 62260 | Zot:5    | Noticed an ancient lich
 62333 | Zot:5    | Noticed an orb of fire
 62338 | Zot:5    | Killed an ancient lich
 62348 | Zot:5    | Killed an orb of fire
 62750 | Zot:5    | Reached skill level 10 in Invocations
 62876 | Zot:5    | Got the Orb of Zot
 62883 | Zot:5    | Noticed Vaufis the pandemonium lord
 62932 | Zot:5    | HP: 4/194 [lich/bolt of cold[Vaufis] (10)]
 62938 | Zot:5    | Killed from afar by Vaufis the pandemonium lord

Illustrated notes

Levels and vault maps discovered:
D:1:      minmay_arrival_doors, layout_loops_cross, grunt_decor_junction,
          minmay_indecisive_spiral
D:2:      layout_loops_corners, uniq_sigmund
D:3:      layout_loops_corners, minmay_misc_feat_tower
D:4:      kennysheep_spiral_hall, layout_loops_cross, uniq_crazy_yiuf_cottage,
          uniq_pikel, uniq_duvessa
D:5:      layout_gridville, chequers_temple_overflow_statue_of_worship,
          gup_sewer_entry_pipe, serial_shops, shop
D:6:      layout_gridville, mainiacjoe_overflow_catwalk,
          minmay_temple_entry_sparse_star
D:7:      nicolae_cairo_tiling_large_dashed, layout_layer_cave, enter_bailey_5
D:8:      layout_loops_ring, nicolae_uskayaw_suspiria, lair_entry_dummy,
          uniq_joseph, uniq_jeremiah
D:9:      layout_roguey, special_room [special_room_orc],
          hangedman_decor_growths, minmay_crystal_water, st_stairs_11
D:10:     layout_loops_ring, nicolae_fort_ynox
D:11:     layout_stronghold, orc_0_dummy, serial_bayou_pond_b
D:12:     layout_layer_cave, uniq_frances, uniq_jorgrun, uniq_nergalle
D:13:     minmay_gate_of_8, layout_basic
D:14:     layout_roguey, grunt_vaults_entry_tiered, special_room
          [special_room_orc], chequers_serial_rivers_micro_b,
          ashenzari_conservatory_becter
D:15:     hellmonk_depths_entry_around_the_bend, layout_loops_ring,
          nicolae_gozag_seed_capital
Temple:   dpeg_three_leaves_temple
Lair:1:   layout_small_grid, gammafunk_ghost_arena,
          grunt_forest_small_clearings, grunt_megastairs_5, serial_bayou_shore_a
Lair:2:   layout_chaotic_city, nicolae_shoals_entry_roost,
          guppyfry_snake_entry_garden, basic_altar, grunt_megastairs_1,
          uniq_sonja
Lair:3:   layout_cellular_growth, portal_ice_cave_entry_pillars_2,
          nicolae_lair_grove_arrangements
Lair:4:   layout_roguey, slime_entry_1
Lair:5:   grunt_lair_end_beastmaster, layout_regular_city,
          gauntlet_entry_generic, hibernation_bobbens
Shoals:1: layout_shoals, nicolae_shoals_square_sea_wall,
          nicolae_shoals_drake_roost
Shoals:2: layout_shoals, nicolae_shoals_shepherds, uniq_polyphemus
Shoals:3: layout_shoals, serial_shops, nicolae_shop_tiny_waterfront, uniq_ilsuiw
Shoals:4: shoals_end_grunt_ice, layout_shoals,
          nicolae_shoals_lost_giant_amphitheater, nicolae_shoals_beach_cooler
Snake:1:  layout_onion_interference, nicolae_triple_integral, lemuel_fruit_tree
Snake:2:  layout_layer_cave, nicolae_take_the_stairs, nicolae_snake_naga_rites
Snake:3:  nicolae_snake_shooting_gallery, layout_basic
Snake:4:  johnstein_snake_rune_scales, layout_basic, st_stairs_3,
          statue_in_the_mist_lemuel, serial_bayou_ford_a,
          nicolae_snake_the_dead_are_slithering, uniq_aizul
Slime:1:  layout_caves, nicolae_slime_getting_an_eyeful
Slime:2:  layout_caves
Slime:3:  layout_caves
Slime:4:  layout_caves
Slime:5:  slime_pit_nicolae_block_by_block
Orc:1:    layout_caves
Orc:2:    st_orc_elflike, layout_caves, special_room, serial_shops,
          nicolae_shop_pleasant_corner_grove, bh_open_orc_temple
Elf:1:    nicolae_elf_arrival_dilemma, layout_geoelf_octagon,
          hangedman_elven_crosses_minicolossus, evilmike_minifort
Elf:2:    elven_hall_of_blades_hangedman_alternative
          [nicolae_blade_entry_hurt_lockers], layout_loops_corners,
          serial_shops, shop, ebering_ghost_disaster_area, nrook_uturn
Elf:3:    elf_hall_gauntlet_wide, layout_loops_corners, serial_shops, shop,
          nicolae_elf_w_pinch
Vaults:1: nicolae_vaults_storage_room_glass, hangedman_vaults_hat,
          nicolae_vaults_spaceships, nicolae_vaults_stairing_the_circle,
          nicolae_vaults_trapezoid_1, nicolae_vaults_surprise_closet,
          vaults_standard_mumra_lines, nicolae_vaults_offset_grid_hallway_3,
          v_misc_19, v_misc_26, vaults_room_stairs_pillars,
          grunt_vaults_hallway_short, vaults_dpeg_ring, layout_vaults_omnicross
Depths:1: layout_cave_shapes, abandoned_shop, hell_entry,
          nemelex_diamond_rough_becter, roderic_lattice_octagonal_star,
          serial_bayou_shore_b
Depths:2: minmay_outward_triangles, layout_honeycomb, enter_ziggurat_c,
          grunt_mini_vestibule, serial_shops, shop, rand_demon_pan_entry_4,
          minmay_staircase_statues_hall_small, uniq_nikola, uniq_norris,
          uniq_mara, uniq_enchantress
Depths:3: minmay_isolated_rectangles_in_corner, layout_cave_shapes,
          abyss_entry_crystal, hell_entry, grunt_megastairs_4,
          minmay_staircase_windowed_large, minmay_shop_star
Depths:4: grunt_zot_entry_funnels, layout_long_grid, hell_entry,
          nicolae_twisty_statue_hallways, drop_trap, minmay_shop_grove, uniq_vv
Zot:1:    layout_onion, regret_index_zotdec_twisting_globes
Zot:2:    hellmonk_paralyzer, layout_onion_interference,
          regret_index_zotdec_magical_s
Zot:3:    layout_basic
Zot:4:    layout_onion_interference
Zot:5:    layout_misc_corridors

Skill      XL: |  1  2  3  4  5  6  7  8  9 10 11 12 13 14 15 16 17 18 19 20 21 22 23 24 |
---------------+-------------------------------------------------------------------------+-----
Shields        | 4 5 6 7 8 10 | 10.5
Fighting       | 4 5 7 8 10 11 13 14 15 17 19 20 22 25 27 | 27.0
Armour         | 4 5 6 7 8 9 10 11 12 13 15 16 17 18 20 21 24 26 27 | 27.0
Axes           | 3 4 6 7 9 11 13 14 16 18 21 23 24 25 26 27 | 27.0
Dodging        | 2 3 4 5 6 7 8 9 |  9.0
Stealth        | 1 2 3 4 |  4.2
Throwing       | 1 2 3 4 5 6 7 8 9 11 12 14 | 14.7
Invocations    | 1 2 4 6 8 9 10 | 10.0
Translocations | 4 7 |  7.9
Spellcasting   | 2 4 |  4.9
Evocations     | |  0.1

Action                     |  1- 3 |  4- 6 |  7- 9 | 10-12 | 13-15 | 16-18 | 19-21 | 22-24 || total
---------------------------+-------+-------+-------+-------+-------+-------+-------+-------++-------
  Melee: War axe           |    56 |    87 |    21 |       |       |       |       |       ||   164
         Headbutt          |     6 |    13 |    53 |   120 |   140 |   201 |   287 |   263 ||  1083
         Hand axe          |       |       |   277 |   420 |    47 |     7 |       |       ||   751
         Executioner's axe |       |       |       |    76 |   690 |   961 |   920 |   797 ||  3444
         Punch             |       |       |       |       |     1 |       |     6 |       ||     7
         Broad axe         |       |       |       |       |       |       |   166 |     3 ||   169
  Throw: Dart              |       |       |     5 |       |       |       |     6 |       ||    11
         Boomerang         |       |       |       |    13 |    28 |    65 |    39 |       ||   145
         Javelin           |       |       |       |       |    22 |    40 |     8 |    96 ||   166
 Invoke: Heroism           |       |       |     1 |     1 |     4 |     1 |     8 |     4 ||    19
         Finesse           |       |       |       |     1 |     2 |       |     4 |     3 ||    10
         Receive Weapon    |       |       |       |     1 |       |       |       |       ||     1
         Receive Armour    |       |       |       |       |     1 |       |       |       ||     1
         Duel              |       |       |       |       |       |       |     1 |       ||     1
  Evoke: Wand              |       |       |       |       |     2 |       |       |       ||     2
    Use: Scroll            |       |       |    10 |       |    15 |     5 |       |     1 ||    31
         Potion            |       |       |       |       |     4 |     3 |    13 |    11 ||    31
   Stab: Petrified         |       |       |       |       |     8 |       |       |       ||     8
         Petrifying        |       |       |       |       |     5 |     4 |       |       ||     9
         Distracted        |       |       |       |       |       |       |     1 |       ||     1
 Armour: Scale mail        |    38 |    71 |   144 |   199 |   213 |       |       |       ||   665
         Gold dragon scale |       |       |       |       |   319 |  1030 |   997 |   868 ||  3214
         Skin              |       |       |       |       |       |       |       |    22 ||    22
  Dodge: Dodged            |    19 |    66 |   185 |   262 |   532 |   630 |   415 |   338 ||  2447
  Block: Buckler           |    10 |    26 |    75 |   116 |       |       |       |       ||   227
         Other             |       |       |       |       |       |       |   104 |   121 ||   225
         Reflection        |       |       |       |       |       |       |     7 |     2 ||     9

Table legend: (Time is in decaauts)
 A = Elapsed time spent in this place.
 B = Non-inter-level travel time spent in this place.
 C = Inter-level travel time spent in this place.
 D = Time resting spent in this place.
 E = Time spent auto-exploring this place.
 F = Levels seen in this place.
 G = Mean time per level.
                   A        B        C        D        E       F      G
               +--------+--------+--------+--------+--------+-----+--------+
         Total |  62206 |  57369 |   4837 |   4953 |  43628 |  52 | 1196.3 |
       Dungeon |  16137 |  14010 |   2127 |    102 |  11880 |  15 | 1075.8 |
        Temple |     18 |     10 |      8 |      0 |      0 |   1 |   18.0 |
          Lair |   6199 |   5314 |    885 |      7 |   4435 |   5 | 1239.8 |
        Shoals |   5488 |   5067 |    421 |    224 |   4030 |   4 | 1372.0 |
     Snake Pit |   7665 |   7234 |    431 |   1200 |   4925 |   4 | 1916.2 |
    Slime Pits |   4351 |   4206 |    145 |    675 |   2855 |   5 |  870.2 |
  Orcish Mines |   1796 |   1576 |    220 |    196 |   1098 |   2 |  898.0 |
   Elven Halls |   5702 |   5499 |    203 |    675 |   3975 |   3 | 1900.7 |
        Vaults |      1 |      1 |      0 |      0 |      0 |   1 |    1.0 |
        Depths |   6227 |   6031 |    196 |    195 |   5063 |   4 | 1556.8 |
           Zot |   7029 |   6831 |    198 |   1638 |   4223 |   5 | 1405.8 |
      Ice Cave |   1019 |   1019 |      0 |      0 |    847 |   1 | 1019.0 |
      Gauntlet |    552 |    552 |      0 |     31 |    294 |   1 |  552.0 |
         Arena |     16 |     16 |      0 |      7 |      0 |   1 |   16.0 |
               +--------+--------+--------+--------+--------+-----+--------+

Top non-repeatable levels by time:
   Elf:3: 2726 daAuts
 Snake:3: 2379 daAuts
 Snake:4: 2199 daAuts
 Snake:2: 2185 daAuts
Depths:2: 2145 daAuts
Shoals:4: 2073 daAuts
   Zot:1: 2015 daAuts
 Slime:5: 1941 daAuts
Depths:4: 1758 daAuts
    D:12: 1712 daAuts
   Zot:5: 1704 daAuts
  Lair:5: 1649 daAuts
    D:11: 1578 daAuts
   Elf:2: 1541 daAuts
Shoals:3: 1519 daAuts
